 Dungeon Crawl Stone Soup version 0.29.1-4-g47bece8355 (webtiles) character file.

Game seed: 12163448476863544326

9267 ChadusMaximus the Convoker (level 11, -10/54 HPs)
             Began as a Deep Elf Summoner on Dec 3, 2022.
             Was a Priest of Sif Muna.
             Mangled by a komodo dragon (28 damage)
             ... on level 1 of the Lair of Beasts on Dec 4, 2022.
             The game lasted 00:35:34 (14593 turns).

ChadusMaximus the Convoker (Deep Elf Summoner)     Turns: 14593, Time: 00:35:35

Health: -10/54     AC:  6    Str:  5    XL:     11   Next: 20%
Magic:  0/30       EV: 13    Int: 25    God:    Sif Muna [***...]
Gold:   283        SH:  0    Dex: 21    Spells: 23/36 levels left

rFire   . . .      SeeInvis .   g - +0 spear
rCold   + . .      Faith    .   (no shield)
rNeg    + . .      Spirit   +   s - +0 robe {rN+}
rPois   .          Reflect  .   q - +2 helmet
rElec   .          Harm     .   Q - scarf {+Inv}
rCorr   .          Rampage  .   o - +0 pair of gloves
Will    +....                   (no boots)
Stlth   +++.......              K - amulet of guardian spirit
HPRegen 0.18/turn               c - +6 ring of dexterity
MPRegen 0.22/turn               D - ring of protection from cold

@: about to teleport
A: no striking features
a: Renounce Religion, Evoke Invisibility, Channel Magic, Forget Spell


You were on level 1 of the Lair of Beasts.
You worshipped Sif Muna.
Sif Muna was most pleased with you.
You visited 3 branches of the dungeon, and saw 12 of its levels.
You also visited: Ossuary.

You collected 479 gold pieces.
You spent 196 gold pieces at shops.

Inventory:

Hand Weapons
 e - a +0 short sword
 g - a +0 spear (weapon)
Missiles
 E - 2 throwing nets
Armour
 a - a +0 robe
 o - a +0 pair of gloves (worn)
 p - a +0 helmet
 q - a +2 helmet (worn)
 s - a +0 robe of positive energy (worn)
 I - a scarf of harm
 Q - a scarf of invisibility (worn)
Jewellery
 c - a +6 ring of dexterity (left hand)
 D - a ring of protection from cold (right hand)
 F - an amulet of reflection
 K - an amulet of guardian spirit (around neck)
 M - a ring of protection from fire
 N - a ring of protection from fire
Wands
 B - a wand of light (8)
 G - a wand of flame (28)
 H - a wand of iceblast (10)
 J - a wand of paralysis (7)
 O - a wand of mindburst (13)
 T - a wand of digging (5)
Scrolls
 b - a scroll of noise {unknown}
 h - a scroll of vulnerability {unknown}
 i - 3 scrolls of poison
 j - 2 scrolls of teleportation
 k - 2 scrolls of magic mapping
 l - 3 scrolls of enchant weapon {unknown}
 m - 3 scrolls of butterflies {unknown}
 t - a scroll of silence {unknown}
 u - 4 scrolls of immolation
 x - 3 scrolls of blinking {unknown}
 y - 8 scrolls of identify
 z - 2 scrolls of amnesia {unknown}
 C - 3 scrolls of brand weapon {unknown}
Potions
 d - 8 potions of flight
 f - 2 potions of heal wounds
 n - 2 potions of cancellation {unknown}
 r - 3 potions of haste {unknown}
 v - 2 potions of degeneration {unknown}
 w - 5 potions of curing
 A - a potion of invisibility {unknown}
 L - a potion of berserk rage {unknown}
 P - 2 potions of brilliance {unknown}
 S - a potion of mutation {unknown}
 U - a potion of attraction {unknown}
 V - a potion of might {unknown}
Miscellaneous
 R - a piece from Xom's chessboard (15/15)


   Skills:
 - Level 3.0 Dodging
 - Level 3.1 Stealth
 + Level 13.4 Spellcasting
 * Level 15.8 Summonings


You had 23 spell levels left.
You knew the following spells:

 Your Spells              Type           Power      Damage    Failure   Level
a - Summon Small Mammal   Summ           100%       N/A       0%          1
b - Call Imp              Summ           77%        N/A       0%          2
c - Call Canine Familiar  Summ           77%        N/A       0%          3
d - Summon Lightning Spi  Summ/Air       54%        N/A       1%          4
e - Swiftness             Air            16%        N/A       11%         3

Your spell library contained the following spells:

 Spells                   Type           Power      Damage    Failure   Level
 Summon Guardian Golem    Hex/Summ       54%        N/A       1%          3
 Apportation              Tloc           32%        N/A       3%          1
 Beastly Appendage        Tmut           32%        N/A       3%          1
 Necrotise                Necr           64%        1d7       3%          1
 Shock                    Conj/Air       64%        1d7       3%          1
 Sting                    Tmut/Pois      64%        1d6       3%          1
 Poisonous Vapours        Pois/Air       32%        N/A       5%          2
 Wereblood                Tmut           16%        N/A       5%          2
 Conjure Flame            Conj/Fire      16%        6-21      11%         3
 Ignite Poison            Fire/Tmut/Pois 16%        N/A       11%         3
 Inner Flame              Hex/Fire       16%        N/A       11%         3
 Spider Form              Tmut/Pois      16%        N/A       11%         3
 Airstrike                Air            8%         2d(2-18)  34%         4
 Cause Fear               Hex            8%         N/A       34%         4
 Olgreb's Toxic Radiance  Pois           16%        N/A       34%         4
 Sticky Flame             Conj/Fire      16%        2d4       34%         4
 Discord                  Hex            8%         N/A       100%        8


Dungeon Overview and Level Annotations

Branches:
Dungeon (10/15)            Temple (1/1) D:4            Lair (1/5) D:9
    Orc (0/2) D:10        Ossuary (visited)

Altars:
Ashenzari
Cheibriados
Dithmenos
Elyvilon
Fedhas
Gozag
Hepliaklqana
Kikubaaqudgha
Makhleb
Nemelex Xobeh
Okawaru
Qazlal
Ru
Sif Muna
Trog
Uskayaw
Vehumet
Wu Jian
Xom
Yredelemnul
Zin
The Shining One

Shops:
D:4 =   D:8 =   D:9 !*(

Annotations:
D:10 Sonja


Message History

Your surroundings suddenly seem different.
A komodo dragon comes into view.
The yak moves out of view.
There are no items here.
A komodo dragon is nearby!
A komodo dragon is nearby!
There are no items here.
There are no items here.
There are no items here.
There are no items here.
There are no items here.
Unknown command.
Unknown command.
Unknown command.
There are no items here.
There are no items here.
There are no items here.
There are no items here.
There are no items here.
There are no items here.
There are no items here.
The komodo dragon hisses angrily.
Casting: Summon Small Mammal (safe; 0% risk of failure)
Confirm with . or Enter, or press ? or * to list all spells.
You don't have enough magic to cast this spell.
Aiming: Throw Flame
Press: ? - help, Shift-Dir - straight line, f - komodo dragon
Aim: a komodo dragon (77% to hit)
The puff of flame hits the komodo dragon but does no damage.
Reach: g) +0 spear
Press: ? - help, Dir - move target, f/p - komodo dragon
Aim: a komodo dragon (about 29% to evade your +0 spear)
You hit the komodo dragon but do no damage.
The komodo dragon barely misses you. The komodo dragon bites you!!
* * * LOW HITPOINT WARNING * * *
You feel much better. The komodo dragon bites you!
As you read the scroll of teleportation, it crumbles to dust.
You feel strangely unstable. The komodo dragon bites you!!
Ouch! That really hurt!
You die...

.#.
.....####
#...@#
#...l.#
+......#
#.......#
#.......#
.........
..........#
...........#


You could see a komodo dragon.

Vanquished Creatures
  A basilisk (D:7)
  A water moccasin (D:7)
  A jelly (D:7)
  A mummy (D:4)
  2 adders
  2 shadow imps (D:6)
  An adder zombie (Ossuary)
  A dart slug (D:1)
  3 endoplasms
  4 giant cockroaches
  3 gnoll zombies (Ossuary)
  4 goblins
  3 hobgoblins
  6 kobolds
  A quokka (D:5)
  5 ball pythons
  A bat (D:3)
  A frilled lizard (D:2)
  A hobgoblin zombie (Ossuary)
  5 rats
47 creatures vanquished.

Vanquished Creatures (collateral kills)
  A two-headed ogre (D:9)
  A kobold demonologist (D:10)
  2 komodo dragons
  A wraith (D:9)
  15 yaks
  3 basilisks (D:9)
  2 wyverns
  A steam dragon (D:7)
  A vampire mosquito (D:7)
  3 water moccasins
  3 ice beasts
  A swamp drake (D:9)
  A black bear (Lair:1)
  3 sky beasts
  4 orc warriors
  3 ogres
  6 centaurs
  2 phantoms
  2 kobold brigands
  A bullfrog (D:8)
  2 necrophages
  3 water moccasin zombies (Ossuary)
  3 scorpions
  11 killer bees
  4 howler monkeys
  3 jellies
  3 orc priests
  A gnoll bouda (D:6)
  7 orc wizards
  5 iguanas
  2 mummies (Ossuary)
  18 gnolls
  2 adders
  2 white imps (D:7)
  An ufetubus (D:5)
  6 adder zombies (Ossuary)
  20 orcs
  5 ball pythons
  2 endoplasms
  A giant cockroach (D:1)
  A gnoll zombie (Ossuary)
  3 goblins
  2 hobgoblins
  4 jackals (D:1)
  22 kobolds
  3 quokkas
  3 bats
  2 frilled lizards (D:2)
  5 hobgoblin zombies (Ossuary)
  5 kobold zombies (Ossuary)
  6 orc zombies (Ossuary)
  3 rats
216 creatures vanquished.

Vanquished Creatures (others)
  An orc wizard (D:7)
  A bush (D:6)
  2 fungi (Lair:1)
  5 plants (D:2)
9 creatures vanquished.

Grand Total: 272 creatures vanquished

Notes
Turn   | Place    | Note
-------+----------+-------------------------------------------
     0 | D:1      | ChadusMaximus the Deep Elf Summoner began the quest for the
                  | Orb.
     0 | D:1      | Reached XP level 1. HP: 10/10 MP: 6/6
   249 | D:1      | Found a faded altar of an unknown god.
   276 | D:1      | Reached XP level 2. HP: 12/15 MP: 6/8
   778 | D:1      | Learned a level 2 spell: Call Imp
  1296 | D:1      | Reached XP level 3. HP: 10/19 MP: 3/10
  1891 | D:1      | Learned a level 3 spell: Call Canine Familiar
  2137 | D:2      | Reached skill level 5 in Summonings
  2766 | D:2      | Reached XP level 4. HP: 23/24 MP: 9/12
  4017 | D:3      | Found a bloodstained altar of Trog.
  4305 | D:3      | Noticed an ogre
  4316 | D:3      | Killed an ogre
  4317 | D:3      | Reached skill level 6 in Summonings
  4317 | D:3      | Reached XP level 5. HP: 7/28 MP: 5/14
  4967 | D:4      | Found a sand-covered staircase.
  4980 | Ossuary  | Entered an ossuary
  5065 | Ossuary  | Reached skill level 5 in Spellcasting
  5068 | Ossuary  | Reached XP level 6. HP: 23/32 MP: 10/16
  5073 | Ossuary  | Reached skill level 7 in Summonings
  5642 | D:4      | Learned a level 4 spell: Summon Lightning Spire
  5839 | D:4      | Found a staircase to the Ecumenical Temple.
  5859 | D:4      | Found Exyle's Jewellery Emporium.
  6077 | Temple   | Entered the Ecumenical Temple
  6235 | Temple   | Became a worshipper of Sif Muna the Loreminder
  6268 | D:5      | Entered Level 5 of the Dungeon
  6353 | D:5      | Reached XP level 7. HP: 31/36 MP: 7/18
  6457 | D:5      | Reached skill level 8 in Summonings
  7514 | D:6      | Noticed a yak
  7514 | D:6      | Noticed a yak
  7514 | D:6      | Noticed a yak
  7514 | D:6      | Noticed a yak
  7514 | D:6      | Noticed a yak
  7519 | D:5      | HP: 1/36 [yak (12)]
  7535 | D:5      | Killed a yak
  7536 | D:5      | Reached skill level 9 in Summonings
  7536 | D:5      | Reached XP level 8. HP: 14/41 MP: 9/21
  8140 | D:6      | Reached skill level 10 in Summonings
  8142 | D:6      | Reached * piety under Sif Muna
  8593 | D:6      | Reached skill level 11 in Summonings
  8683 | D:6      | Reached XP level 9. HP: 41/45 MP: 18/24
  9369 | D:7      | Found a blossoming altar of Fedhas.
  9399 | D:7      | Reached skill level 10 in Spellcasting
  9490 | D:7      | Reached skill level 12 in Summonings
  9818 | D:7      | Found an ancient bone altar of Kikubaaqudgha.
  9836 | D:7      | You fall into a shaft and drop 1 floor!
 10062 | D:7      | Learned a level 3 spell: Swiftness
 10083 | D:7      | Found a basalt altar of Yredelemnul.
 10083 | D:7      | Found a snail-covered altar of Cheibriados.
 10245 | D:7      | Found a glowing silver altar of Zin.
 10267 | D:7      | Found a sparkling altar of Nemelex Xobeh.
 10287 | D:7      | Reached ** piety under Sif Muna
 10288 | D:7      | Reached skill level 13 in Summonings
 10658 | D:7      | Reached XP level 10. HP: 47/50 MP: 20/27
 10819 | D:8      | Found Jymoim's Jewellery Boutique.
 11682 | D:9      | Found Vusis's Distillery.
 11690 | D:9      | Bought a potion of curing for 42 gold pieces
 11690 | D:9      | Bought a potion of curing for 42 gold pieces
 11690 | D:9      | Bought a potion of heal wounds for 70 gold pieces
 11690 | D:9      | Bought a potion of curing for 42 gold pieces
 11695 | D:9      | Found an iron altar of Okawaru.
 11852 | D:9      | Found Soahen's General Store.
 11867 | D:9      | Found Rokh's Antique Weapon Shoppe.
 12007 | D:9      | Reached skill level 14 in Summonings
 12065 | D:9      | Reached *** piety under Sif Muna
 12291 | D:9      | Found a staircase to the Lair.
 12432 | D:9      | Noticed a two-headed ogre
 12788 | D:9      | Killed a two-headed ogre
 12789 | D:9      | Reached skill level 15 in Summonings
 13129 | D:10     | Entered Level 10 of the Dungeon
 13391 | D:10     | Found a staircase to the Orcish Mines.
 13467 | D:10     | Reached XP level 11. HP: 52/54 MP: 18/30
 14416 | D:10     | Noticed Sonja
 14499 | Lair:1   | Entered Level 1 of the Lair of Beasts
 14593 | Lair:1   | Mangled by a komodo dragon

Illustrated notes

Levels and vault maps discovered:
D:1:      dpeg_arrival_leaves_temple_mockup, layout_loops_ring,
          basic_ecumenical_altar
D:2:      layout_basic, lexackson_kobold_supper
D:3:      layout_loops_ring, trog_three_pillars_becter
D:4:      layout_basic, temple_green, gup_ossuary_entry_pyramid, serial_shops,
          shop
D:5:      layout_basic
D:6:      layout_loops_ring, kb_lookout_dungeons_type
D:7:      minmay_opposing_rooms, layout_cave_pools, mainiacjoe_overflow_paths,
          mainiacjoe_overflow_alcove_1, gammafunk_temple_overflow_pools,
          zin_academy, general_overflow_altar
D:8:      layout_basic, serial_shops, nicolae_shop_advertising_works
          [nicolae_subvault_shop_adworks]
D:9:      layout_rooms, okawaru_trees_2, erik_lair_dragon, serial_shops,
          nicolae_shop_waterfront, nicolae_shop_competitors_out_of_business,
          kennysheep_little_box
D:10:     layout_roguey, david_orc_3, uniq_sonja
Temple:   eino_narrow_crystal_temple
Lair:1:   layout_cave_pods, grunt_megastairs_4

Skill      XL: |  1  2  3  4  5  6  7  8  9 10 |
---------------+-------------------------------+-----
Stealth        | 3 |  3.1
Dodging        | 3 |  3.0
Summonings     | 5 6 7 9 11 13 15 | 15.8
Spellcasting   | 4 5 6 7 9 11 13 | 13.4

Action                   |  1- 3 |  4- 6 |  7- 9 | 10-12 || total
-------------------------+-------+-------+-------+-------++-------
Melee: Short sword       |    23 |       |       |       ||    23
       Unarmed           |     2 |       |       |       ||     2
       Spear             |    59 |   145 |    87 |    17 ||   308
       Punch             |       |     1 |       |       ||     1
 Cast: Summon Small Mamm |    39 |    11 |    48 |    40 ||   138
       Call Imp          |     5 |    10 |    12 |    15 ||    42
       Call Canine Famil |     4 |    18 |    31 |    36 ||    89
       Summon Lightning  |       |       |    16 |    32 ||    48
       Swiftness         |       |       |     1 |       ||     1
Evoke: Wand              |       |       |       |     1 ||     1
  Use: Scroll            |       |     6 |     1 |     3 ||    10
       Potion            |       |       |     4 |     2 ||     6
 Stab: Sleeping          |     7 |     8 |     1 |       ||    16
       Distracted        |       |     2 |       |       ||     2
Armor: Robe              |    21 |    24 |    31 |    12 ||    88
Dodge: Dodged            |    69 |    63 |    75 |    48 ||   255
Block: Other             |       |       |     3 |       ||     3
